 Dungeon Crawl Stone Soup version 0.29-a0-1065-g47a6bb87d6 (webtiles) character file.

Game seed: 5967256269817454097

61 IdlyInterested the Trooper (level 3, -1/30 HPs)
             Began as a Demonspawn Wanderer on Aug 18, 2022.
             Slain by Crazy Yiuf
             ... wielding a +2 quarterstaff of chaos
              (15 damage)
             ... on level 2 of the Dungeon.
             The game lasted 00:04:52 (2117 turns).

IdlyInterested the Trooper (Demonspawn Wanderer)    Turns: 2117, Time: 00:04:53

Health: -1/30      AC:  8    Str: 12    XL:     3   Next: 83%
Magic:  7/7        EV: 10    Int: 15    God:
Gold:   41         SH:  0    Dex: 12    Spells: 8/8 levels left

rFire   . . .      SeeInvis .   s - +6 hammer
rCold   . . .      Faith    .   (no shield)
rNeg    . . .      Spirit   .   q - +0 ring mail
rPois   .          Reflect  .   (no helmet)
rElec   .          Harm     .   (no cloak)
rCorr   +          Rampage  .   (no gloves)
Will    +....                   o - +2 pair of boots
Stlth   +.........              (no amulet)
HPRegen 0.10/turn               e - ring of Cityli Aliz {Fly Will+}
MPRegen 0.10/turn               j - ring of resist corrosion

@: mighty, flying
A: powered by pain 1, weakness stinger 1
a: no special abilities


You were on level 2 of the Dungeon.
You visited 1 branch of the dungeon, and saw 2 of its levels.

You collected 41 gold pieces.

Inventory:

Hand Weapons
 g - a +0 short sword of draining
 k - a +2 trident of venom
 s - a +6 hammer (weapon)
Armour
 c - a +0 robe
 o - a +2 pair of boots (worn)
 q - a +0 ring mail (worn)
Jewellery
 e - the ring of Cityli Aliz (left hand) {Fly Will+}
   (You acquired it on level 2 of the Dungeon)

   [ring of flight]

   Fly:       It grants you flight.
   Will:      It increases your willpower.
 j - a ring of resist corrosion (right hand)
Scrolls
 f - 3 scrolls of brand weapon
 h - 2 scrolls of acquirement
 l - 4 scrolls of identify
 m - a scroll of teleportation {unknown}
 n - a scroll of enchant armour {unknown}
 p - a scroll of magic mapping {unknown}
 r - a scroll of fear {unknown}
Potions
 a - a potion of curing
 b - a potion of haste
 d - a potion of lignification
 i - 2 potions of brilliance


   Skills:
 * Level 3.6 Fighting
 - Level 2.0 Armour
 + Level 1.3 Dodging
 - Level 3.0 Spellcasting
 - Level 1.1 Necromancy
 - Level 1.2 Invocations


You had 8 spell levels left.
You didn't know any spells.
Your spell library contained the following spells:

 Spells                   Type           Power      Damage    Failure   Level
 Necrotise                Necr           20%        1d5       28%         1
 Summon Small Mammal      Summ           8%         N/A       41%         1
 Ensorcelled Hibernation  Hex/Ice        4%         N/A       54%         2
 Passwall                 Tmut/Erth      1%         N/A       54%         2
 Poisonous Vapours        Pois/Air       4%         N/A       54%         2
 Wereblood                Tmut           2%         N/A       54%         2
 Vampiric Draining        Necr           5%         2d6       63%         3
 Mephitic Cloud           Conj/Pois/Air  2%         N/A       78%         3
 Swiftness                Air            2%         N/A       78%         3


Dungeon Overview and Level Annotations

Branches:
Dungeon (2/15)

Altars:

Annotations:
D:2 Crazy Yiuf


Innate Abilities, Weirdness & Mutations

You sometimes gain a little power by taking damage.
You have a small tail.


Message History

l - 4 scrolls of identify (gained 1)
Found a ring mail.
p - a scroll labelled NUOXZE PA ROOF You see here a +0 ring mail.
q - a +0 ring mail You start removing your armour.
You continue taking off your +0 robe. x4
You finish taking off your +0 robe.
You start putting on your armour.
You continue putting on your +0 ring mail. x5
You finish putting on your +0 ring mail.
r - a scroll labelled ITASEICYMM You see here a +6 hammer.
s - a +6 hammer Your +2 trident of venom stops dripping with poison.
s - a +6 hammer (weapon)
Found four hammers.
Found a runed translucent door.
Found a hammer.
Crazy Yiuf shouts!
You see here a +0 hammer.
Crazy Yiuf whimpers, "East!
Rot fast Hive."
You reach down and open the door.
Crazy Yiuf drinks a potion.
Crazy Yiuf seems to grow stronger.
You hit Crazy Yiuf.
Crazy Yiuf is moderately wounded.
Crazy Yiuf closely misses you.
You hit Crazy Yiuf but do no damage.
Crazy Yiuf is lightly wounded.
Crazy Yiuf misses you. Crazy Yiuf barely misses you.
You sock Crazy Yiuf!
Crazy Yiuf is severely wounded.
Crazy Yiuf barely misses you.
You hit Crazy Yiuf.
Crazy Yiuf is severely wounded.
Crazy Yiuf hits you with a +2 quarterstaff of chaos!
You focus on the pain.
You feel very mighty all of a sudden. Crazy Yiuf burns you.
Crazy Yiuf hits you with a +2 quarterstaff of chaos!
Ouch! That really hurt!
You die...

....## .... .####
###..# .### #....#
...####.# #####
........# #)..#
####.####### #)).#
####.<.....# )..
...######### #g#
##..######## ♣@♣♣
...........# ♣♣.♣
........#### ♣)♣♣
######....## ♣♣.♣
#.....# ♣♣.♣♣ ####..#
♣♣...♣ ## #..# ♣....♣
.########..# ##..##
...........####....##


You could see Crazy Yiuf (strong).

Vanquished Creatures
  2 adders (D:2)
  A dart slug (D:1)
  5 ball pythons
  3 endoplasms (D:2)
  2 giant cockroaches
  3 hobgoblins
  3 jackals (D:2)
  3 kobolds (D:1)
  6 bats
  7 frilled lizards
  2 goblins
  4 rats
41 creatures vanquished.

Vanquished Creatures (collateral kills)
  A hobgoblin (D:2)
1 creature vanquished.

Grand Total: 42 creatures vanquished

Notes
Turn   | Place    | Note
-------+----------+-------------------------------------------
     0 | D:1      | IdlyInterested the Demonspawn Wanderer began the quest for
                  | the Orb.
     0 | D:1      | IdlyInterested set off with the following items: a +0 club,
                  | a potion of haste, a +0 robe, a potion of lignification;
                  | and the following spells available to memorise: Necrotise,
                  | Summon Small Mammal, Poisonous Vapours, Wereblood, Vampiric
                  | Draining, Mephitic Cloud.
     0 | D:1      | Reached XP level 1. HP: 16/16 MP: 4/4
   336 | D:1      | Discovered your monstrous ancestry.
   336 | D:1      | Gained mutation: You have a small tail. [demonic ancestry]
   336 | D:1      | Reached XP level 2. HP: 10/23 MP: 6/6
  1426 | D:2      | Gained mutation: You sometimes gain a little power by
                  | taking damage. [demonic ancestry]
  1426 | D:2      | Reached XP level 3. HP: 29/29 MP: 7/7
  1428 | D:2      | Identified 3 scrolls of acquirement
  1428 | D:2      | Acquired the ring of Cityli Aliz {Fly Will+}
  1588 | D:2      | Reached skill level 1 in Dodging
  1677 | D:2      | Found a faded altar of an unknown god.
  2108 | D:2      | Found a runed translucent door.
  2109 | D:2      | Noticed Crazy Yiuf
  2117 | D:2      | Slain by Crazy Yiuf

Illustrated notes

Levels and vault maps discovered:
D:1:      minmay_arrival_arboretum_large, layout_loops_ring
D:2:      layout_rooms, hellmonk_ecumenical_altar_zigzags,
          uniq_crazy_yiuf_cottage

Skill      XL: |  1  2  3 |
---------------+----------+-----
Armour         | 2 |  2.0
Fighting       | 3 |  3.6
Dodging        | 1 |  1.3
Spellcasting   | |  3.0
Necromancy     | |  1.1
Invocations    | |  1.2

Action                   || total
-------------------------++-------
Melee: Short sword       ||    63
       Club              ||     7
       Trident           ||    48
       Tailslap          ||    11
       Mace              ||     4
       Punch             ||     1
  Use: Scroll            ||     5
 Stab: Sleeping          ||     1
Armor: Robe              ||    25
Dodge: Dodged            ||    84

Table legend: (Time is in decaauts)
 A = Elapsed time spent in this place.
 B = Non-inter-level travel time spent in this place.
 C = Inter-level travel time spent in this place.
 D = Time resting spent in this place.
 E = Time spent auto-exploring this place.
 F = Levels seen in this place.
 G = Mean time per level.
                   A        B        C        D        E       F      G
               +--------+--------+--------+--------+--------+-----+--------+
         Total |   2138 |   2047 |     91 |    551 |   1095 |   2 | 1069.0 |
       Dungeon |   2138 |   2047 |     91 |    551 |   1095 |   2 | 1069.0 |
               +--------+--------+--------+--------+--------+-----+--------+

Top non-repeatable levels by time:
     D:1: 1389 daAuts
     D:2: 748 daAuts
